 Dungeon Crawl Stone Soup version 0.30-a0-782-ge64f9170bb (console) character file.

Game seed: 6494204342281020445

410 Banquo the Chopper (level 6, 0/38 HPs)
             Began as a Gargoyle Fighter on Feb 22, 2023.
             Was an Initiate of Okawaru.
             Slain by an ogre
             ... wielding a +0 giant club
              (17 damage)
             ... on level 4 of the Dungeon.
             The game lasted 00:17:11 (3846 turns).

Banquo the Chopper (Gargoyle Fighter)               Turns: 3846, Time: 00:17:12

Health: 0/38       AC: 16    Str: 19    XL:     6   Next: 89%
Magic:  6/6        EV:  5    Int:  9    God:    Okawaru [......]
Gold:   187        SH:  4    Dex: 11    Spells: 5/5 levels left

rFire   . . .      SeeInvis .    a - +1 war axe
rCold   . . .      Faith    .    c - +0 buckler
rNeg    + . .      Spirit   .    w - +0 plate armour
rPois   ∞          Reflect  .    (no helmet)
rElec   +          Harm     .    (no cloak)
rCorr   .          Rampage  .    (no gloves)
Will    ++...                    (no boots) Stlth
                                 (no amulet)
HPRegen 0.26/turn                v - ring of willpower
MPRegen 0.10/turn                C - ring of willpower

@: mighty
A: sickness immunity, AC +4, negative energy resistance 1, electricity
resistance, torment resistance 1, petrification resistance
a: Renounce Religion


You were on level 4 of the Dungeon.
You worshipped Okawaru.
Okawaru was noncommittal.
You visited 2 branches of the dungeon, and saw 6 of its levels.
You also visited: Sewer.

You collected 187 gold pieces.

Inventory:

Hand Weapons
 a - a +1 war axe (weapon)
 p - a +2 hand axe
 u - a +1 dagger of venom
Missiles
 g - a throwing net (quivered)
Armour
 b - a +0 scale mail
 c - a +0 buckler (worn)
 w - a +0 plate armour (worn)
Magical Staves
 o - a staff of air
Jewellery
 q - a +6 ring of intelligence
 v - a ring of willpower (left hand)
 C - a ring of willpower (right hand)
Scrolls
 h - a scroll of teleportation
 j - a scroll of enchant armour {unknown}
 l - 2 scrolls of vulnerability {unknown}
 m - 3 scrolls of fog
 n - a scroll of amnesia {unknown}
 r - 4 scrolls of enchant weapon
 s - a scroll of poison {unknown}
 t - a scroll of fear {unknown}
 y - a scroll of identify
 z - a scroll of summoning {unknown}
 B - a scroll of noise
Potions
 d - 2 potions of might
 e - a potion of heal wounds
 f - 2 potions of curing
 i - 5 potions of flight
 k - a potion of resistance
 x - 2 potions of cancellation
 A - a potion of mutation


   Skills:
 + Level 4.3 Fighting
 * Level 5.0 Axes
 * Level 4.3 Armour
 + Level 1.4 Dodging
 + Level 3.6 Shields


You had 5 spell levels left.
You didn't know any spells.
Your spell library contained the following spells:

 Spells                   Type           Power      Damage    Failure   Level
 Apportation              Tloc           0%         N/A       100%        1


Dungeon Overview and Level Annotations

Branches:
Dungeon (5/15)             Temple (1/1) D:4           Sewer (visited)

Altars:
Ashenzari
Cheibriados
Dithmenos
Gozag
Hepliaklqana
Kikubaaqudgha
Nemelex Xobeh
Okawaru
Ru
Sif Muna
Trog
Wu Jian
Zin
The Shining One

Shops:
D:4 [

Annotations:
D:3 Sigmund


Innate Abilities, Weirdness & Mutations

You are immune to sickness and miasma.
Your stone body is resilient. (AC +4)
You are immune to poison.
You resist negative energy. (rN+)
You are resistant to electric shocks. (rElec)
You are resistant to unholy torment.
You are immune to petrification.


Message History

An endoplasm comes into view.
No target in view!
No target in view!
No target in view!
You slash the endoplasm!
You kill the endoplasm!
Okawaru accepts your kill.
No target in view!
An orc comes into view. It is wielding a +0 dagger.
The orc shouts!
You hear a shout!
An ogre comes into view. It is wielding a +0 giant club.
The ogre shouts!
A kobold comes into view. It is wielding a +0 club.
You closely miss the orc. The orc barely misses you.
You hit the orc.
The orc is lightly wounded.
The orc hits you but does no damage.
An ogre comes into view. It is wielding a +0 giant club.
You slash the orc!
You kill the orc!
Okawaru accepts your kill.
You barely miss the ogre. The ogre hits you with a +0 giant club!
You hit the ogre.
The ogre is moderately wounded.
You block the ogre's attack.
You barely miss the ogre.
The ogre is moderately wounded.
The ogre closely misses you.
The kobold throws a stone.
The stone barely misses you.
You barely miss the ogre.
The ogre is moderately wounded.
You miss the kobold. The ogre hits you with a +0 giant club!
The kobold hits you but does no damage.
You feel very mighty all of a sudden. The kobold hits you but does no damage.
You barely miss the ogre.
The ogre is moderately wounded.
You hit the ogre. You closely miss the kobold.
The ogre hits you with a +0 giant club!
You die...

#.....#.#..#
.............#..#######
..............#.........
#............#..########
#.....###'###..##
#.....###'##..##
#....#.....#.##
.....'OO...#.# #K@.....#
..#......## ...'...>..#
....#.....##
.....'.....#
.....#.....#
.....#.....# ....
#######


You could see 2 ogres and a kobold.

Vanquished Creatures
  A scorpion (D:5)
  A howler monkey (D:2)
  A hound (D:5)
  An iguana (D:4)
  A gnoll (D:3)
  10 adders
  3 river rats (Sewer)
  A white imp (D:3)
  4 worms
  A dart slug (D:2)
  An orc (D:4)
  12 bats
  8 endoplasms
  7 giant cockroaches
  9 hobgoblins
  7 jackals
  12 quokkas
  12 ball pythons
  4 frilled lizards
  9 goblins
  5 kobolds
  5 rats
115 creatures vanquished.

Vanquished Creatures (others)
  2 fungi (D:3)
2 creatures vanquished.

Grand Total: 117 creatures vanquished

Notes
Turn   | Place    | Note
-------+----------+-------------------------------------------
     0 | D:1      | Banquo the Gargoyle Fighter began the quest for the Orb.
     0 | D:1      | Reached XP level 1. HP: 14/14 MP: 1/1
   182 | D:1      | Reached XP level 2. HP: 19/19 MP: 2/2
   316 | D:1      | Reached skill level 2 in Axes
   787 | D:2      | Reached XP level 3. HP: 23/24 MP: 3/3
   851 | D:2      | Reached skill level 3 in Axes
   851 | D:2      | Reached skill level 1 in Dodging
   851 | D:2      | Reached XP level 4. HP: 28/29 MP: 4/4
  1144 | D:2      | Reached XP level 5. HP: 27/33 MP: 5/5
  1667 | D:3      | Found a bloodstained altar of Trog.
  1689 | D:3      | Found a shimmering blue altar of Sif Muna.
  1693 | D:3      | Got Sif Muna's Vademecum on the Map
  1710 | D:3      | Noticed Sigmund
  1820 | D:3      | Found a faded altar of an unknown god.
  2243 | D:3      | Found an opulent altar of Gozag.
  2560 | D:4      | Reached skill level 4 in Axes
  2622 | D:4      | You fall into a shaft and drop 1 floor!
  2622 | D:5      | Entered Level 5 of the Dungeon
  2636 | D:5      | Noticed an ogre
  2678 | D:5      | Reached XP level 6. HP: 33/38 MP: 6/6
  2741 | D:5      | Found a glowing drain.
  2760 | Sewer    | Entered a sewer
  3465 | D:5      | Reached skill level 5 in Axes
  3522 | D:4      | Found Cippyff's Armour Boutique.
  3536 | D:4      | Found a staircase to the Ecumenical Temple.
  3546 | Temple   | Entered the Ecumenical Temple
  3742 | Temple   | Became a worshipper of Warmaster Okawaru
  3846 | D:4      | Slain by an ogre

Illustrated notes

Levels and vault maps discovered:
D:1:      grunt_arrival_crossed_arrows, layout_loops_cross,
          chequers_serial_rivers_marsh, minmay_misc_feat_room
D:2:      layout_basic, minmay_pentomino_r4
D:3:      kennysheep_the_goblin_king, layout_basic,
          nzn_overflow_gifts_of_might_and_magic, grunt_gozag_statues,
          dreamdust_ecumenical_altar_grove, uniq_sigmund
D:4:      layout_basic, old_standard_altar,
          minmay_temple_entry_drinking_statues, serial_shops, shop
D:5:      layout_basic, gup_sewer_entry_pipe, minmay_circle_x
Temple:   chequers_temple_sunken

Skill      XL: |  1  2  3  4  5  6 |
---------------+-------------------+-----
Axes           | 2 3 4 5 |  5.0
Dodging        | 1 |  1.4
Fighting       | 4 |  4.3
Armour         | 4 |  4.3
Shields        | |  3.6

Action                     |  1- 3 |  4- 6 || total
---------------------------+-------+-------++-------
  Melee: War axe           |    74 |   290 ||   364
    Use: Scroll            |       |     8 ||     8
         Potion            |       |     1 ||     1
 Armour: Scale mail        |    56 |    56 ||   112
         Plate armour      |       |   149 ||   149
  Dodge: Dodged            |    45 |    95 ||   140
  Block: Buckler           |    16 |    73 ||    89

Table legend: (Time is in decaauts)
 A = Elapsed time spent in this place.
 B = Non-inter-level travel time spent in this place.
 C = Inter-level travel time spent in this place.
 D = Time resting spent in this place.
 E = Time spent auto-exploring this place.
 F = Levels seen in this place.
 G = Mean time per level.
                   A        B        C        D        E       F      G
               +--------+--------+--------+--------+--------+-----+--------+
         Total |   4200 |   3883 |    317 |     47 |   2521 |   7 |  600.0 |
       Dungeon |   3053 |   2783 |    270 |     32 |   1797 |   5 |  610.6 |
        Temple |    277 |    231 |     46 |      0 |    221 |   1 |  277.0 |
         Sewer |    869 |    869 |      0 |     15 |    502 |   1 |  869.0 |
               +--------+--------+--------+--------+--------+-----+--------+

Top non-repeatable levels by time:
     D:2: 955 daAuts
   Sewer: 869 daAuts
     D:3: 851 daAuts
     D:1: 802 daAuts
  Temple: 277 daAuts
     D:5: 232 daAuts
     D:4: 211 daAuts
